 Dungeon Crawl Stone Soup version 0.27-a0-1317-gd1140b374c (webtiles) character file.

Game seed: 5868739634256367551

58 27snakeeyes612 the Chopper (level 3, 0/49 HPs)
             Began as a Minotaur Berserker on June 21, 2021.
             Was a Follower of Trog.
             Slain by a gnoll (5 damage)
             ... on level 1 of the Dungeon.
             The game lasted 00:00:43 (1226 turns).

27snakeeyes612 the Chopper (Minotaur Berserker)     Turns: 1226, Time: 00:00:44

Health: 0/49       AC:  5    Str: 22    XL:     3   Next: 75%
Magic:  2/2        EV: 11    Int:  4    God:    Trog [*.....]
Gold:   39         SH:  0    Dex:  9    Spells: 2/2 levels left

rFire    . . .     SeeInvis .   a - +0 hand axe
rCold    . . .     Faith    .   (no shield)
rNeg     . . .     Spirit   .   h - +0 ring mail
rPois    .         Reflect  .   (helmet restricted)
rElec    .         Harm     .   (no cloak)
rCorr    .         Rampage  .   (no gloves)
Will     .....                  (no boots)
Stlth    ..........             (no amulet)
HPRegen  0.16/turn              (no ring)
MPRegen  0.08/turn              (no ring)

@: berserking, very quick
A: horns 2, retaliatory headbutt
a: Renounce Religion, Berserk


You were on level 1 of the Dungeon.
You worshipped Trog.
Trog was aware of your devotion.
You visited 1 branch of the dungeon, and saw 2 of its levels.

You collected 39 gold pieces.

Inventory:

Hand Weapons
 a - a +0 hand axe (weapon)
Armour
 b - a +0 animal skin
 h - a +0 ring mail (worn)
Scrolls
 c - 3 scrolls of enchant armour {unknown}
 d - 2 scrolls of identify {unknown}
 f - a scroll of torment {unknown}
 i - a scroll of amnesia {unknown}
 k - 2 scrolls of teleportation {unknown}
Potions
 e - a potion of cancellation {unknown}
 g - a potion of resistance {unknown}
 j - a potion of mutation {unknown}


   Skills:
 + Level 4.3 Fighting
 + Level 4.5 Axes
 + Level 3.0 Armour
 + Level 2.7 Dodging


You had 2 spell levels left.
You didn't know any spells.
Your spell library was empty.

Dungeon Overview and Level Annotations

Branches:
Dungeon (2/15)

Altars:


Innate Abilities, Weirdness & Mutations

You have a pair of horns on your head.
You reflexively headbutt those who attack you in melee.


Message History

The gnoll hits you but does no damage.
A gnoll comes into view. It is wielding a +0 flail.
You closely miss the gnoll.
The gnoll is moderately wounded.
The gnoll hits you from afar with a +0 spear.
The gnoll hits you but does no damage.
You hit the gnoll.
The gnoll is heavily wounded.
The gnoll misses you.
The gnoll hits you with a +0 whip of electrocution.
There is an open door here.
You enter the shallow water.
Moving in this stuff is going to be slow.
The gnoll hits you but does no damage.
You are electrocuted!
* * * LOW HITPOINT WARNING * * *
There is an open door here.
There is a stone staircase leading up here.
You climb upwards.
There is a stone staircase leading down here.
You start resting.
HP restored.
You climb downwards.
The gnoll hits you but does no damage.
The gnoll hits you with a +0 whip of electrocution!
You are electrocuted!
There is a stone staircase leading up here.
The gnoll hits you with a +0 flail. The gnoll barely misses you.
You furiously retaliate!
You headbutt the gnoll, but do no damage.
You climb upwards.
There is a stone staircase leading down here.
A red film seems to cover your vision as you go berserk!
You feel yourself moving faster!
You feel mighty! The gnoll hits you with a +0 flail!
* * * LOW HITPOINT WARNING * * *
The gnoll barely misses you.
You hit the gnoll.
The gnoll is moderately wounded.
You closely miss the gnoll. The gnoll barely misses you.
The gnoll hits you with a +0 whip of electrocution.
You die...

#........##)## #..# ##.#
#####.##.#...###..#######.#.
#.##......##.........###
#.##..........####.##.#(
#.##......##### #.#.....
#........#########.###..
####....................
####g####.#########.) #@#
#.# ##. #g# #.# #. #.# #.##
#. #.# #..# #. #.# ##.## #.
##.## #...# #. ##...###.#.#
#. ##.###.##.#.#### #. #.##
##...#....######


You could see 2 gnolls.

Vanquished Creatures
  A hound (D:2)
  4 dart slugs (D:1)
  2 ball pythons (D:1)
  An endoplasm (D:1)
  A goblin (D:1)
  A hobgoblin (D:1)
  4 jackals (D:1)
  2 kobolds (D:1)
  A bat (D:1)
  3 frilled lizards (D:1)
  A rat (D:1)
21 creatures vanquished.

Vanquished Creatures (others)
  4 toadstools (D:1)
4 creatures vanquished.

Grand Total: 25 creatures vanquished

Notes
Turn   | Place    | Note
-------+----------+-------------------------------------------
     0 | D:1      | 27snakeeyes612 the Minotaur Berserker began the quest for
                  | the Orb.
     0 | D:1      | Reached XP level 1. HP: 19/19 MP: 0/0
    25 | D:1      | Reached XP level 2. HP: 18/27 MP: 1/1
   800 | D:1      | Reached XP level 3. HP: 33/33 MP: 2/2
   968 | D:2      | Found a faded altar of an unknown god.
  1226 | D:1      | Slain by a gnoll

Illustrated notes

Levels and vault maps discovered:
D:1:      ldierk_walled_garden_2, layout_loops_ring
D:2:      layout_loops_cross, shapermc_ecumenical_altar_notcrosses, basic_altar

Skill      XL: |  1  2  3 |
---------------+----------+-----
Axes           | 4 |  4.5
Fighting       | 4 |  4.3
Armour         | 3 |  3.0
Dodging        | |  2.7

Action                   || total
-------------------------++-------
Melee: Hand axe          ||    51
       Headbutt          ||     9
Invok: Berserk           ||     1
Armor: Animal skin       ||     9
       Ring mail         ||     5
Dodge: Dodged            ||    33

Table legend: (Time is in decaauts)
 A = Elapsed time spent in this place.
 B = Non-inter-level travel time spent in this place.
 C = Inter-level travel time spent in this place.
 D = Time resting spent in this place.
 E = Time spent auto-exploring this place.
 F = Levels seen in this place.
 G = Mean time per level.
                   A        B        C        D        E       F      G
               +--------+--------+--------+--------+--------+-----+--------+
         Total |   1233 |   1212 |     21 |    209 |    849 |   2 |  616.5 |
       Dungeon |   1233 |   1212 |     21 |    209 |    849 |   2 |  616.5 |
               +--------+--------+--------+--------+--------+-----+--------+

Top non-repeatable levels by time:
     D:1: 1170 daAuts
     D:2: 63 daAuts
